AoeStats
← LM | TornardoBriese

Arabia

508730168Analyzed
1v1 RM · 8d ago on Sep 23, 2026· 53m 10s· 2 players
Game mode
Random Map
Map size
Tiny (2 player)
Population
200
Speed
Normal
Resources
Standard
Victory
Conquest
Starting age
Dark Age
Ending age
Imperial Age
RankedLock teamsTeams togetherTeam positionsShared explorationLock speedFull tech treeHidden civsTurbo modeCheats
Victory
Defeat
🇨🇱 Khmer · Chile
1173
+15
🇨🇭 Saxons · Switzerland
1162
-15
LM | TornardoBriese
1:33 Loom
6:42 Loom
9:03 Feudal Age
10:07 Double-Bit Axe
12:51 Town Watch
16:03 Fletching
20:50 Castle Age
19:53 Gold Mining
19:46 Horse Collar
20:23 Scale Mail Armor
21:22 Forging
22:10 Bow Saw
24:03 Wheelbarrow
25:02 Squires
26:10 Heavy Plow
30:35 Chain Mail Armor
32:46 Redemption
32:50 Light Cavalry
33:40 Bloodlines
33:38 Scale Barding Armor
34:08 Iron Casting
40:01 Clerical Recruitment
41:23 Devotion
41:40 Hand Cart
45:53 Imperial Age
44:02 Scale Barding Armor
44:33 Iron Casting
48:49 Two-Man Saw
47:35 Onager
Cisco Beats
6:47 Loom
9:49 Feudal Age
13:23 Castle Age
21:14 Horse Collar
21:42 Double-Bit Axe
22:48 Town Watch
24:35 Husbandry
26:29 Scale Barding Armor
26:55 Bloodlines
27:15 Ballistics
28:06 Wheelbarrow
28:58 Chain Barding Armor
31:37 Fletching
32:59 Hand Cart
33:56 Devotion
37:42 Bodkin Arrow
41:34 Imperial Age
40:34 Murder Holes
44:21 Double Crossbow
45:26 Chemistry
46:00 Plate Barding Armor
46:32 Conscription
48:16 Elite Ballista Elephant
51:04 Siege Engineers
Connection lost

Rejoining the realm…

Still unreachable

The connection could not be restored.

Session expired

The server has moved on; the page needs a fresh start.